Map: Abyssal Reef LE

Players

Snute - Winner!

  • Race: Zerg Zerg
  • Spawn Location: 5:00

MacSed

  • Race: Protoss Protoss
  • Spawn Location: 11:00

Event: WCS Montreal 2017

VOD

Have the link to the VOD?

Description

Time

  • Played on: Sept. 8, 2017, 5:58 p.m.
  • Length: 8:52

All games in this series

Show
View Real Time Build Order
Export as new Build Order

Snute Zerg - Winner!

Build Orders: Hatch First 

Get SALT Encoding   

  12  0:00  Drone  
  13  0:12  Overlord  
  13  0:17  Drone  
  14  0:30  Drone x2  
  14  0:34  Drone  
  17  0:45  Drone  
  18  0:56  Hatchery  
  17  0:57  Drone  
  17  1:00  Extractor  
  17  1:13  Spawning Pool  
  17  1:16  Drone  
  17  1:20  Drone  
  18  1:28  Drone  
  19  1:38  Overlord  
  19  1:49  Drone  
  20  1:59  Queen  
  20  2:00  Metabolic Boost, Zergling x2  
  23  2:07  Queen  
  25  2:08  Zergling x2  
  25  2:10  Drone  
  27  2:19  Drone  
  27  2:22  Drone  
  29  2:36  Drone x2  
  31  2:43  Hatchery  
  30  2:47  Pneumatized Carapace  
  30  2:49  Drone  
  31  2:54  Overlord  
  31  3:00  Drone x2  
  31  3:04  Drone x2  
  35  3:08  Overlord  
  35  3:11  Drone  
  35  3:12  Drone  
  37  3:14  Drone  
  37  3:17  Drone  
  37  3:18  Drone  
  40  3:25  Overlord  
  40  3:26  Drone x2  
  41  3:28  Drone  
  42  3:35  Extractor, Drone  
  42  3:38  Queen  
  44  3:44  Roach Warren  
  43  3:50  Drone x3  
  46  3:55  Drone  
  46  3:57  Drone  
  46  4:01  Drone x3  
  46  4:02  Drone  
  52  4:03  Drone x2  
  52  4:06  Queen  
  52  4:07  Drone  
  57  4:11  Overlord  
  57  4:13  Drone  
  58  4:17  Overlord  
  58  4:21  Lair  
  58  4:28  Overlord  
  58  4:29  Overlord  
  58  4:34  Spore Crawler  
  58  4:35  Spore Crawler x2  
  58  4:36  Roach x2  
  59  4:39  Roach  
  60  4:46  Roach x3  
  60  4:47  Roach  
  72  4:52  Roach  
  72  4:53  Roach x2  
  72  4:56  Drone  
  75  5:00  Overlord  
  75  5:01  Drone x3  
  75  5:02  Drone  
  75  5:03  Drone  
  80  5:09  Drone x2  
  80  5:12  Overlord  
  82  5:17  Overlord  
  82  5:20  Glial Reconstitution  
  82  5:22  Drone x5  
  82  5:23  Drone x2  
  82  5:24  Extractor, Drone  
  89  5:30  Hydralisk Den, Extractor  
  89  5:31  Overlord  
  89  5:34  Drone  
  88  5:35  Drone  
  88  5:37  Drone x3  
  92  5:43  Extractor  
  92  5:45  Overlord  
  91  5:51  Drone  
  91  5:53  Overlord  
  91  5:55  Hatchery  
  91  6:01  Muscular Augments  
  91  6:06  Hydralisk x2  
  91  6:07  Overlord  
  95  6:13  Hydralisk x2  
  95  6:15  Overlord  
  95  6:17  Hydralisk  
  101  6:23  Hydralisk  
  103  6:31  Hydralisk x2  
  105  6:34  Hydralisk  
  105  6:37  Zergling x22  
  118  6:41  Hatchery  
  118  6:44  Hydralisk x2  
  121  6:47  Baneling Nest  
  121  6:48  Hydralisk  
  122  6:54  Ravager  
  122  7:02  Hydralisk x2  
  126  7:08  Zergling x2  
  126  7:09  Zergling x14  
  126  7:13  Hydralisk x3  
  140  7:20  Overlord  
  138  7:26  Ravager  
  138  7:27  Roach x4  
  147  7:35  Overlord  
  147  7:36  Hydralisk x2  
  147  7:41  Hydralisk  
  147  7:42  Hydralisk  
  155  7:45  Zergling x8  
  155  7:47  Overlord  
  159  7:54  Zergling x10  
  159  7:55  Zergling x8  
  159  7:56  Hydralisk  
  170  8:01  Overlord x2  
  170  8:05  Ravager x3  
  173  8:07  Zergling x6  
  173  8:09  Queen  
  173  8:11  Overlord  
  178  8:15  Zergling x6  
  178  8:16  Baneling x7  
  181  8:20  Baneling x2  
  168  8:27  Zergling x8  
  168  8:28  Zergling x14  
  170  8:35  Overseer  
Show
View Real Time Build Order
Export as new Build Order

MacSed Protoss 

Build Orders: 1 Gate Expand, Zealot Archon, Archon Drop, Dark Templar Rush 

Get SALT Encoding   

  12  0:01  Probe (Chrono Boost)  
  13  0:11  Probe (Chrono Boost)  
  14  0:18  Pylon  
  14  0:22  Probe (Chrono Boost)  
  15  0:36  Probe (Chrono Boost)  
  15  0:40  Gateway  
  16  0:47  Probe (Chrono Boost)  
  17  0:50  Assimilator  
  17  0:57  Probe (Chrono Boost)  
  18  1:08  Probe (Chrono Boost)  
  19  1:18  Probe (Chrono Boost)  
  20  1:26  Nexus  
  20  1:36  Cybernetics Core  
  21  1:40  Probe (Chrono Boost)  
  21  1:45  Assimilator  
  21  1:50  Probe (Chrono Boost)  
  22  2:01  Probe (Chrono Boost)  
  23  2:05  Pylon  
  23  2:14  Warp Gate  
  23  2:23  Stalker  
  23  2:26  Mothership Core (Chrono Boost)  
  27  2:39  Probe (Chrono Boost)  
  27  2:42  Twilight Council  
  28  2:44  Probe (Chrono Boost)  
  28  2:49  Probe (Chrono Boost)  
  30  2:53  Zealot  
  30  2:55  Probe (Chrono Boost)  
  33  3:00  Robotics Facility  
  33  3:03  Probe (Chrono Boost)  
  35  3:05  Probe (Chrono Boost)  
  35  3:14  Probe (Chrono Boost)  
  35  3:18  Probe (Chrono Boost)  
  37  3:24  Probe (Chrono Boost)  
  37  3:28  Pylon  
  37  3:30  Probe (Chrono Boost)  
  37  3:31  Dark Shrine  
  38  3:38  Probe (Chrono Boost)  
  38  3:41  Probe (Chrono Boost)  
  40  3:47  Gateway  
  41  3:52  Gateway  
  40  3:56  Gateway  
  40  4:00  Warp Prism (Chrono Boost)  
  40  4:02  Probe  
  42  4:04  Probe  
  44  4:13  Probe, Assimilator  
  44  4:14  Assimilator  
  44  4:16  Probe  
  46  4:20  Pylon  
  46  4:23  Probe  
  46  4:28  Probe  
  48  4:34  Probe  
  49  4:40  Probe  
  50  4:49  Probe  
  50  4:51  Nexus  
  51  4:53  Probe  
  52  5:00  Dark Templar x3  
  52  5:03  Dark Templar  
  52  5:06  Pylon x2  
  60  5:13  Pylon  
  60  5:24  Immortal (Chrono Boost)  
  60  5:27  Archon  
  64  5:28  Archon  
  64  5:33  Sentry x2  
  68  5:37  Gateway  
  68  5:38  Gateway  
  68  5:40  Gateway  
  68  5:43  Gateway  
  68  5:53  Pylon  
  68  5:59  Probe, Sentry, Immortal (Chrono Boost)  
  68  6:01  Probe  
  68  6:03  Probe  
  76  6:10  Probe  
  77  6:11  Zealot x3  
  84  6:18  Pylon  
  84  6:19  Probe  
  84  6:20  Probe  
  86  6:30  Dark Templar  
  86  6:32  Dark Templar  
  90  6:33  Zealot x2  
  90  6:34  Probe  
  90  6:36  Archon  
  95  6:43  Zealot x4  
  103  6:48  Pylon  
  103  6:50  Pylon  
  105  6:54  Warp Prism (Chrono Boost)  
  105  7:09  Probe  
  105  7:10  Probe  
  105  7:11  Probe  
  108  7:30  Probe  
  108  7:31  Probe  
  108  7:32  Probe  
  108  7:33  Assimilator  
  108  7:35  Dark Templar x3  
  108  7:36  Dark Templar  
  109  7:37  Assimilator  
  109  7:40  Archon x2  
  109  7:41  Probe  
  109  7:43  Probe  
  111  7:44  Forge  
  111  7:45  Probe, Forge  
  112  7:51  Probe, Pylon  
  112  7:52  Pylon  
  112  7:55  Probe  
  112  7:57  Probe  
  115  8:02  Probe  
  115  8:04  Dark Templar x2  
  115  8:05  Immortal  
  120  8:08  Robotics Facility  
  120  8:11  Archon  
  124  8:31  Zealot x4  
  124  8:32  Zealot x2  
  112  8:45  Zealot x3  
Tags
 
Add a new tag
Caveats
  • Supply blocks, unpowered buildings, or Contaminate may cause inaccurate times.
  • Supply counts are checked every 10 seconds.